Map: Crête de Lerilak

Players

GrowKing - Winner!

  • Race: Protoss Protoss
  • League: Silver
  • Spawn Location: 7:00

zidar

  • Race: Zerg Zerg
  • League: Silver
  • Spawn Location: 5:00

VOD

Have the link to the VOD?

Description

Time

  • Played on: Jan. 3, 2016, 3:24 p.m.
  • Length: 10:28
Show
View Real Time Build Order
Export as new Build Order

GrowKing Protoss - Winner!

Build Orders: 1 Gate Expand 

Get SALT Encoding   

  12  0:01  Probe (Chrono Boost)  
  13  0:12  Probe (Chrono Boost)  
  14  0:20  Pylon  
  14  0:25  Probe (Chrono Boost)  
  15  0:38  Probe (Chrono Boost)  
  16  0:44  Gateway  
  16  0:49  Probe (Chrono Boost)  
  17  0:54  Assimilator  
  17  0:59  Probe (Chrono Boost)  
  18  1:10  Probe (Chrono Boost)  
  19  1:20  Probe (Chrono Boost)  
  20  1:31  Probe (Chrono Boost)  
  21  1:33  Nexus  
  21  1:43  Probe (Chrono Boost)  
  21  1:46  Assimilator  
  22  1:52  Cybernetics Core  
  22  2:03  Pylon  
  22  2:05  Probe (Chrono Boost)  
  23  2:22  Probe (Chrono Boost)  
  23  2:32  Probe (Chrono Boost)  
  23  2:34  Adept  
  26  2:43  Warp Gate  
  26  2:46  Probe (Chrono Boost)  
  26  2:48  Gateway  
  26  2:51  Gateway  
  27  2:53  Probe (Chrono Boost)  
  27  2:56  Probe (Chrono Boost)  
  31  3:09  Probe (Chrono Boost)  
  32  3:19  Probe (Chrono Boost)  
  33  3:22  Pylon  
  33  3:28  Probe  
  33  3:33  Adept (Chrono Boost)  
  34  3:36  Assimilator  
  34  3:39  Probe  
  39  3:43  Adept x2 (Chrono Boost)  
  39  3:48  Probe  
  39  3:49  Probe  
  41  3:56  Adept (Chrono Boost)  
  41  3:57  Gateway  
  41  4:01  Probe  
  41  4:02  Robotics Facility  
  43  4:07  Probe  
  45  4:12  Probe  
  48  4:17  Adept (Chrono Boost)  
  48  4:19  Probe  
  48  4:22  Adept (Chrono Boost)  
  48  4:23  Probe  
  52  4:32  Probe  
  52  4:33  Probe  
  54  4:43  Pylon, Twilight Council  
  54  4:52  Pylon  
  54  4:54  Pylon  
  54  4:56  Pylon  
  54  5:00  Probe  
  54  5:01  Probe, Immortal  
  54  5:02  Assimilator  
  60  5:07  Adept  
  60  5:10  Adept, Probe  
  60  5:11  Adept  
  67  5:28  Adept x2  
  69  5:32  Probe  
  71  5:43  Probe  
  71  5:45  Adept  
  71  5:46  Adept x2  
  71  5:49  Nexus  
  78  6:03  Sentry  
  78  6:04  Sentry  
  82  6:16  Immortal  
  82  6:17  Gateway  
  86  6:20  Gateway  
  76  6:46  Stalker x3  
  64  7:08  Stalker x2  
  64  7:09  Stalker  
  64  7:10  Probe  
  64  7:15  Immortal  
  73  7:20  Probe  
  74  7:25  Gateway  
  74  7:28  Gateway  
  74  7:31  Probe, Stalker x5  
  74  7:32  Stalker  
  87  7:41  Probe  
  87  7:42  Probe  
  87  7:43  Forge  
  89  7:52  Probe  
  89  7:56  Sentry x4  
  98  8:03  Probe  
  98  8:05  Pylon  
  99  8:06  Pylon  
  99  8:07  Pylon  
  99  8:13  Probe  
  99  8:16  Pylon  
  99  8:17  Pylon  
  100  8:22  Mothership Core  
  100  8:23  Immortal  
  100  8:24  Probe  
  107  8:29  Stalker x2  
  107  8:30  Stalker x2  
  107  8:34  Protoss Ground Weapons Level 1 (Chrono Boost), Probe  
  116  8:45  Probe  
  116  8:46  Gateway  
  116  8:48  Gateway  
  117  8:55  Sentry x2  
  117  8:56  Sentry x2  
  125  9:04  Assimilator  
  125  9:09  Assimilator  
  125  9:12  Immortal  
  129  9:19  Robotics Facility  
  129  9:32  Stalker x2  
  129  9:38  Pylon  
  133  9:40  Pylon  
  133  9:42  Pylon  
  133  9:43  Pylon  
  133  9:45  Pylon  
  133  9:46  Pylon  
  133  9:52  Gateway  
  133  9:54  Gateway  
  133  9:56  Gateway  
Show
View Real Time Build Order
Export as new Build Order

zidar Zerg 

Build Orders: Hatch First 

Get SALT Encoding   

  12  0:01  Drone  
  13  0:12  Overlord  
  13  0:17  Drone  
  14  0:30  Drone x2  
  14  0:34  Drone  
  17  0:56  Hatchery  
  16  1:01  Drone  
  17  1:17  Spawning Pool  
  16  1:22  Drone x2  
  16  1:23  Extractor  
  17  1:30  Drone  
  18  1:37  Overlord  
  18  2:07  Drone x2  
  18  2:08  Hatchery  
  19  2:12  Drone  
  20  2:21  Queen  
  22  2:34  Queen  
  23  2:48  Roach Warren  
  23  2:49  Drone  
  23  2:52  Drone  
  24  3:01  Evolution Chamber  
  24  3:03  Drone  
  24  3:16  Queen  
  26  3:22  Drone x2  
  27  3:36  Zergling x2  
  28  3:46  Zerg Melee Weapons Level 1  
  28  3:49  Metabolic Boost  
  28  3:56  Extractor  
  28  3:58  Drone x5  
  32  4:16  Extractor  
  31  4:19  Drone x6  
  31  4:21  Extractor  
  35  4:58  Roach x3  
  41  5:33  Overlord x2  
  41  5:34  Overlord x2  
  41  5:58  Roach  
  41  5:59  Roach x15  
  71  6:15  Zerg Ground Armor Level 1  
  61  6:39  Roach  
  53  6:40  Roach x8  
  57  7:23  Queen  
  57  7:28  Roach x7  
  73  7:31  Overlord x2  
  73  7:46  Drone  
  74  7:56  Ravager x3  
  74  7:57  Ravager x11  
  88  8:04  Roach  
  90  8:17  Overlord  
  90  8:18  Overlord  
  90  8:38  Roach  
  90  8:39  Roach x5  
  100  9:00  Lair  
  100  9:03  Drone x5  
  105  9:27  Overlord x3  
  105  9:28  Overlord  
  105  9:29  Overlord  
Tags
 
Add a new tag
Caveats
  • Supply blocks, unpowered buildings, or Contaminate may cause inaccurate times.
  • Supply counts are checked every 10 seconds.